 Dungeon Crawl Stone Soup version 0.31-a0-691-g409c26aa35 (webtiles) character file.

Game seed: 12765872141720511

648 qw the Shooter (level 7, -2/44 HPs)
             Began as a Gargoyle Hunter on Sept 6, 2023.
             Slain by Pikel
             ... wielding a +2 whip of freezing
              (5 damage)
             ... on level 5 of the Dungeon.
             The game lasted 00:01:26 (3311 turns).

qw the Shooter (Gargoyle Hunter)                    Turns: 3311, Time: 00:01:26

Health: -2/44      AC:  8    Str: 19    XL:     7   Next: 53%
Magic:  7/7        EV: 12    Int:  9    God:
Gold:   187        SH:  0    Dex: 15    Spells: 6/6 levels left

rFire   . . .        Y - +2 shortbow
rCold   . . .        (shield currently unavailable)
rNeg    + . .        j - +2 robe of the Evil One {rPois Str+4}
rPois   inf          (no helmet)
rElec   +            (no cloak)
rCorr   .            (no gloves)
SInv    +            (no boots)
Will    .....        (no amulet)
Stlth   ++           d - ring of see invisible
HPRegen 0.27/turn    (no ring)
MPRegen 0.10/turn

%: no passive effects
@: no status effects
A: sickness immunity, AC +4, negative energy resistance 1, electricity
resistance, torment resistance 1, petrification resistance
a: no special abilities


You were on level 5 of the Dungeon.
You visited 1 branch of the dungeon, and saw 5 of its levels.

You collected 187 gold pieces.


Innate Abilities, Weirdness & Mutations

You are immune to sickness and miasma.
Your stone body is resilient. (AC +4)
You are immune to poison.
You resist negative energy. (rN+)
You are resistant to electric shocks. (rElec)
You are resistant to unholy torment.
You are immune to petrification.


   Skills:
 - Level 5.4 Fighting
 + Level 7.3 Ranged Weapons
 - Level 1.0 Armour
 - Level 2.1 Dodging
 - Level 1.1 Stealth


You had 6 spell levels left.
You didn't know any spells.
Your spell library was empty.

Inventory:

Hand Weapons
 Y - a +2 shortbow (weapon)
Armour
 j - the +2 robe of the Evil One (worn) {rPois Str+4}
   (You found it on level 3 of the Dungeon)

   Str+4:     It affects your strength (+4).
   rPois:     It protects you from poison
Jewellery
 d - a ring of see invisible (left hand)
Scrolls
 a - a scroll of identify
 c - 2 scrolls of enchant armour
Potions
 b - 3 potions of curing
 e - a potion of haste
 f - a potion of cancellation
 g - a potion of might

Dungeon Overview and Level Annotations

Branches:
Dungeon (5/15)
 Temple: D:4-7

Altars:
Uskayaw
Vehumet

Annotations:
D:5 Pikel


Message History

Pikel barely misses you.
You shoot an arrow. The arrow closely misses Pikel.
The arrow hits the lemure but does no damage.
The lemure is severely wounded.
Pikel says, "You'll feel the lick of my whip!"
Pikel hits you with a +2 whip of freezing.
Pikel freezes you.
You shoot an arrow. The arrow hits Pikel!
Pikel is heavily wounded.
Pikel hits you with a +2 whip of freezing.
Pikel freezes you.
3306 ||| DRINKING potion of heal wounds.
You feel much better. Pikel barely misses you.
You shoot an arrow. The arrow hits Pikel!
Pikel is almost dead.
Pikel hits you with a +2 whip of freezing.
Pikel freezes you.
You shoot an arrow.
The arrow hits Pikel but does no damage.
Pikel is almost dead.
Pikel zaps a wand.
Your will is overpowered!
You are confused.
Pikel hits you with a +2 whip of freezing.
Pikel freezes you.
3309 ||| DRINKING 4 potions of curing.
You feel better.
3309 ||| (to cure confusion) Pikel hits you with a +2 whip of freezing!
Pikel freezes you.
You shoot an arrow. The arrow completely misses Pikel.
The arrow completely misses the lemure.
Pikel hits you with a +2 whip of freezing.
Pikel freezes you.
You shoot an arrow.
The arrow hits Pikel but does no damage.
Pikel is almost dead.
Pikel hits you with a +2 whip of freezing!
Pikel freezes you.
You die...
Pikel says, "Another soul for the market."

##. ###.<
#... ##..
#..# 5
##..# ...
#..5#
5.5..##.#K#
#.S.#@#
#..5###.#
### #..#
#.# #.# #..
##.# #. #.#
#. #..# ..
#.# . #.##
.# .# #<#
.##
##.###.# .#
#.#
#.##......#
#.# #.###
#......####
#.# #?..##


You could see Pikel and a lemure.

Vanquished Creatures
  Grinder (D:4)
  A lemure (D:5)
  A scorpion (D:5)
  A howler monkey (D:4)
  A hound (D:4)
  2 jellies
  2 orc priests (D:3)
  A sleepcap (D:4)
  3 gnolls (D:2)
  5 adders
  An ufetubus (D:5)
  A worm (D:2)
  2 dart slugs
  13 orcs
  5 ball pythons
  7 bats
  5 endoplasms
  6 giant cockroaches
  6 goblins
  5 hobgoblins
  3 jackals (D:1)
  A quokka (D:1)
  5 frilled lizards
  6 kobolds
  6 rats
90 creatures vanquished.

Notes
Turn   | Place    | Note
-------+----------+-------------------------------------------
     0 | D:1      | qw the Gargoyle Hunter began the quest for the Orb.
     0 | D:1      | Reached XP level 1. HP: 12/12 MP: 1/1
     0 | D:1      | 0 ||| qw: Version: 0.3-a-76-g4403597
     0 | D:1      | 0 ||| qw: Game counter: 14
     0 | D:1      | 0 ||| qw: Melee chars always use a shield: true
     0 | D:1      | 0 ||| qw: God list: Okawaru
     0 | D:1      | 0 ||| qw: Allow faded altars: false
     0 | D:1      | 0 ||| qw: Do Orc after clearing Dungeon:15 true
     0 | D:1      | 0 ||| qw: Do second Lair branch before Depths: true
     0 | D:1      | 0 ||| qw: Lair rune preference: random
     0 | D:1      | 0 ||| qw: Goals: Normal
     0 | D:1      | 0 ||| PLANNING D:1-11
    93 | D:1      | Reached XP level 2. HP: 17/17 MP: 2/2
   305 | D:1      | Found a faded altar of an unknown god.
   587 | D:1      | 587 ||| UPGRADING to +0 ring mail.
   597 | D:1      | 597 ||| DROPPING +0 leather armour.
   598 | D:1      | 598 ||| READING scroll labelled TAATOWKOJAI.
   599 | D:1      | 599 ||| READING scroll labelled LEBUBBETRO.
   600 | D:1      | 600 ||| READING scroll labelled YNOMET ERESYXI.
   601 | D:1      | 601 ||| READING scroll labelled MAESIHABISM.
   602 | D:1      | 602 ||| READING 3 scrolls labelled HAOTEAZEFY.
   603 | D:1      | 603 ||| DROPPING scroll of butterflies.
   604 | D:1      | 604 ||| DROPPING 2 scrolls of noise.
   628 | D:2      | 628 ||| STAIRDANCE
   644 | D:2      | 644 ||| STAIRDANCE
   670 | D:2      | Reached skill level 1 in Armour
   670 | D:2      | Reached XP level 3. HP: 21/21 MP: 3/3
   861 | D:2      | Reached skill level 5 in Ranged Weapons
   918 | D:2      | Reached skill level 3 in Fighting
   918 | D:2      | Reached XP level 4. HP: 15/28 MP: 4/4
   918 | D:2      | 918 ||| FLEEEEING.
   919 | D:2      | 919 ||| FLEEEEING.
   920 | D:2      | 920 ||| FLEEEEING.
   921 | D:2      | 921 ||| FLEEEEING.
   922 | D:2      | 922 ||| FLEEEEING.
   923 | D:2      | 923 ||| FLEEEEING.
   924 | D:2      | 924 ||| FLEEEEING.
   925 | D:2      | 925 ||| FLEEEEING.
   926 | D:2      | 926 ||| FLEEEEING.
   927 | D:2      | 927 ||| FLEEEEING.
   928 | D:2      | 928 ||| FLEEEEING.
   929 | D:2      | 929 ||| FLEEEEING.
   930 | D:2      | 930 ||| FLEEEEING.
   931 | D:2      | 931 ||| FLEEEEING.
   932 | D:2      | 932 ||| FLEEEEING.
   933 | D:2      | 933 ||| FLEEEEING.
   934 | D:2      | 934 ||| FLEEEEING.
   935 | D:2      | 935 ||| FLEEEEING.
   936 | D:2      | 936 ||| FLEEEEING.
   937 | D:2      | 937 ||| FLEEEEING.
   938 | D:2      | 938 ||| FLEEEEING.
   939 | D:2      | 939 ||| FLEEEEING.
   940 | D:2      | 940 ||| FLEEEEING.
   941 | D:2      | 941 ||| FLEEEEING.
   942 | D:2      | 942 ||| STAIRDANCE
   970 | D:1      | 970 ||| DROPPING amulet of magic regeneration.
   971 | D:1      | 971 ||| UPGRADING to ring of see invisible.
   972 | D:1      | 972 ||| READING scroll labelled CACYMM TU BAON.
   976 | D:1      | 976 ||| READING scroll labelled HOGRYAKLUMM.
   977 | D:1      | 977 ||| READING scroll labelled EREZ IKHLIUWKE.
   978 | D:1      | 978 ||| DRINKING 2 glowing yellow potions.
  1388 | D:2      | Found a hide-covered altar of Uskayaw.
  1682 | D:3      | Reached XP level 5. HP: 27/32 MP: 5/5
  1682 | D:3      | 1682 ||| FLEEEEING.
  1683 | D:3      | 1683 ||| FLEEEEING.
  1687 | D:3      | 1687 ||| FLEEEEING.
  1738 | D:3      | Reached skill level 6 in Ranged Weapons
  1856 | D:3      | 1856 ||| READING scroll of enchant weapon.
  1856 | D:3      | 1856 ||| ENCHANTING +1 shortbow.
  2082 | D:3      | Identified the +2 robe of the Evil One {rPois Str+4}
  2297 | D:3      | 2297 ||| UPGRADING to +2 robe of the Evil One {rPois
                  | Str+4}.
  2307 | D:3      | 2307 ||| DROPPING +0 ring mail.
  2308 | D:3      | 2308 ||| DRINKING 2 cyan potions.
  2309 | D:3      | 2309 ||| DRINKING 2 ruby potions.
  2310 | D:3      | 2310 ||| READING 3 scrolls of identify.
  2310 | D:3      | 2310 ||| IDENTIFYING orange potion
  2311 | D:3      | 2311 ||| READING 2 scrolls of identify.
  2311 | D:3      | 2311 ||| IDENTIFYING bubbling silvery potion
  2312 | D:3      | 2312 ||| DROPPING potion of invisibility.
  2363 | D:4      | Noticed Grinder
  2363 | D:4      | Found a radiant altar of Vehumet.
  2381 | D:4      | Paralysed by Grinder for 5 turns
  2389 | D:4      | Paralysed by Grinder for 5 turns
  2399 | D:4      | Paralysed by Grinder for 4 turns
  2401 | D:4      | HP: 6/32 [Grinder/nerve-wracking pain (6)]
  2405 | D:4      | Killed Grinder
  2406 | D:4      | Reached XP level 6. HP: 9/40 MP: 6/6
  2541 | D:4      | Reached XP level 7. HP: 44/44 MP: 7/7
  2924 | D:4      | Reached skill level 7 in Ranged Weapons
  3162 | D:4      | 3162 ||| READING scroll labelled OCLUCU ILUIC.
  3163 | D:4      | 3163 ||| READING 2 scrolls of identify.
  3163 | D:4      | 3163 ||| IDENTIFYING red potion
  3181 | D:5      | Entered Level 5 of the Dungeon
  3260 | D:5      | 3260 ||| RETREATING.
  3267 | D:5      | 3267 ||| Stepping ~*~*~tactically~*~*~ (retreating).
  3268 | D:5      | 3268 ||| Stepping ~*~*~tactically~*~*~ (retreating).
  3272 | D:5      | 3272 ||| Stepping ~*~*~tactically~*~*~ (retreating).
  3295 | D:5      | Noticed Pikel
  3305 | D:5      | HP: 9/44 [Pikel/+2 whip of freezing (6)]
  3306 | D:5      | 3306 ||| DRINKING potion of heal wounds.
  3309 | D:5      | 3309 ||| DRINKING 4 potions of curing.
  3309 | D:5      | 3309 ||| (to cure confusion)
  3311 | D:5      | HP: 3/44 [Pikel/+2 whip of freezing (9)]
  3311 | D:5      | Slain by Pikel

Levels and vault maps discovered:
D:1:      dpeg_arrival_rooms_c, layout_basic, shapermc_ecumenical_altar_venn
D:2:      layout_basic, basic_altar
D:3:      layout_loops_ring, serial_forest, infiniplex_forest_straight_2,
          infiniplex_forest_corner_1, infiniplex_forest_clump_medium,
          infiniplex_forest_lined_3, infiniplex_forest_clump_curved,
          infiniplex_forest_lined_room_2, infiniplex_forest_end_1,
          infiniplex_forest_clump_double
D:4:      layout_basic, mainiacjoe_overflow_alcove_4, uniq_grinder
D:5:      layout_rooms, nicolae_overflow_hallway_of_the_gods,
          nicolae_gozag_seed_capital, serial_curves, eino_curves_04,
          eino_curves_03, uniq_edmund, uniq_blork_the_orc, uniq_pikel

Skill      XL: |  1  2  3  4  5  6  7 |
---------------+----------------------+-----
Armour         | 1 |  1.0
Ranged Weapons | 5 6 7 |  7.3
Fighting       | 3 5 |  5.4
Dodging        | 2 |  2.1
Stealth        | |  1.1

Action                     |  1- 3 |  4- 6 |  7- 9 || total
---------------------------+-------+-------+-------++-------
   Fire: Shortbow          |    94 |   115 |   117 ||   326
    Use: Scroll            |     5 |     6 |     2 ||    13
         Potion            |       |     3 |     2 ||     5
 Armour: Leather armour    |     1 |       |       ||     1
         Ring mail         |    45 |    15 |       ||    60
         Robe              |       |    13 |    32 ||    45
  Dodge: Dodged            |    56 |    22 |    28 ||   106

Table legend:
 A = Non-vault XP
 B = Vault XP
 C = Vault XP percentage of total XP
 D = Non-vault monster count
 E = Vault monster count
 F = Vault count percentage of total count
                 A         B        C        D         E       F
            +---------+---------+-------+---------+---------+-------
      Total |     645 |     281 |  30.3 |      88 |       1 |   1.1
            +---------+---------+-------+---------+---------+-------
        D:1 |      33 |       0 |   0.0 |      19 |       0 |   0.0
        D:2 |     114 |       0 |   0.0 |      28 |       0 |   0.0
        D:3 |     100 |       0 |   0.0 |      11 |       0 |   0.0
        D:4 |     241 |     281 |  53.8 |      25 |       1 |   3.8
        D:5 |     157 |       0 |   0.0 |       5 |       0 |   0.0
            +---------+---------+-------+---------+---------+-------
